 Seeded DCSS version 0.28.0 (webtiles) character file.

Game seed: 7353604531635345990 (custom seed)

27 Nonny the Stinger (level 3, -1/16 HPs)
             Began as a Vine Stalker Venom Mage on Feb 6, 2022.
             Slain by Sigmund (4 damage)
             ... on level 2 of the Dungeon.
             The game lasted 00:06:46 (845 turns).

Nonny the Stinger (Vine Stalker Venom Mage)          Turns: 845, Time: 00:06:47

Health: -1/16      AC:  2    Str: 10    XL:     3   Next: 10%
Magic:  0/7        EV: 12    Int: 17    God:
Gold:   44         SH:  0    Dex: 14    Spells: 6/7 levels left

rFire   . . .      SeeInvis .   b - staff of poison
rCold   . . .      Faith    .   (no shield)
rNeg    . . .      Spirit   +   a - +0 robe
rPois   +          Reflect  .   (no helmet)
rElec   .          Harm     .   (no cloak)
rCorr   .          Rampage  .   (no gloves)
Will    +....                   (no boots)
Stlth   ++........              g - amulet of regeneration
HPRegen 0.85/turn               c - ring of willpower
MPRegen 0.10/turn               (no ring)

@: no status effects
A: fangs 2, magic shield, antimagic bite, no potion heal 2
a: no special abilities


You were on level 2 of the Dungeon.
You visited 1 branch of the dungeon, and saw 2 of its levels.

You collected 44 gold pieces.

Inventory:

Missiles
 d - 4 boomerangs
Armour
 a - a +0 robe (worn)
Magical Staves
 b - a staff of poison (weapon)
Jewellery
 c - a ring of willpower (left hand)
 g - an amulet of regeneration (around neck)
Scrolls
 e - a scroll of vulnerability {unknown}
 f - a scroll of immolation {unknown}


   Skills:
 + Level 0.3 Staves
 + Level 1.7 Dodging
 - Level 3.0 Stealth
 + Level 2.6 Spellcasting
 - Level 1.0 Transmutations
 + Level 3.4 Poison Magic


You had 6 spell levels left.
You knew the following spells:

 Your Spells              Type           Power      Damage    Failure   Level
a - Sting                 Tmut/Pois      56%        1d5       8%          1

Your spell library contained the following spells:

 Spells                   Type           Power      Damage    Failure   Level
 Poisonous Vapours        Pois/Air       24%        N/A       14%         2
 Mephitic Cloud           Conj/Pois/Air  9%         N/A       34%         3
 Olgreb's Toxic Radiance  Pois           20%        N/A       41%         4


Dungeon Overview and Level Annotations

Branches:
Dungeon (2/15)

Altars:

Shops:
D:1 :(*!*

Annotations:
D:2 Sigmund


Innate Abilities, Weirdness & Mutations

You have extremely sharp teeth.
When hurt, damage is shared between your health and your magic reserves.
Your bite disrupts and absorbs the magic of your enemies.
Potions cannot restore your health.


Message History

Search for what [? for help]? .
Search for what [Enter for "."]? .
Save game and exit?
Welcome back, Nonny the Vine Stalker Venom Mage.
Game seed: 7353604531635345990 (custom seed) Press ? for a list of commands and other information.
Unknown command.
Okay, then.
As you read the scroll labelled NUADAE QAMOP, it crumbles to dust.
It is a scroll of identify.
h - a potion of heal wounds You climb downwards.
Found a stone staircase leading down.
There is a stone staircase leading up here.
You drop a potion of heal wounds.
Sigmund the Dreaded comes into view.
He is wielding a +0 scythe and carrying a wand of flame (22).
The helpless Sigmund fails to defend himself.
You hit Sigmund. Your bite misses Sigmund.
Sigmund is lightly wounded.
Sigmund zaps a wand.
The puff of flame misses you.
Unknown command.
You closely miss Sigmund. Your bite misses Sigmund.
Sigmund is lightly wounded.
Sigmund hits you with a +0 scythe.
Unknown command.
You hit Sigmund.
Sigmund is lightly wounded.
Sigmund gestures wildly while chanting.
Sigmund flickers and vanishes!
Deactivating autopickup; reactivate with Ctrl-A.
Unknown command.
You closely miss something.
You hear a zap.
A puff of flame appears from out of thin air!
The puff of flame hits you!
You hit something. Your bite misses something. Something hits you!
Ouch! That really hurt!
* * * LOW HITPOINT WARNING * * *
You closely miss something. Something hits you.
You die...

#..........#
#..........#
#..........#
#..!<......#
#..#..###.##
#.###..#
#..#...#
##.....##.#
###@.....#
#.{..###..
........+
###....###
##.#.# ###.#
.# .#


There were no monsters in sight!

Vanquished Creatures
  A dart slug (D:1)
  4 endoplasms (D:1)
  2 giant cockroaches (D:1)
  4 goblins (D:1)
  2 hobgoblins (D:1)
  3 kobolds (D:1)
  5 rats (D:1)
21 creatures vanquished.

Vanquished Creatures (others)
  3 plants (D:1)
3 creatures vanquished.

Grand Total: 24 creatures vanquished

Notes
Turn   | Place    | Note
-------+----------+-------------------------------------------
     0 | D:1      | Nonny the Vine Stalker Venom Mage began the quest for the
                  | Orb.
     0 | D:1      | Reached XP level 1. HP: 9/9 MP: 4/4
    70 | D:1      | Found Ramitu's Distillery.
   101 | D:1      | Found Gaaqoh's Assorted Antiques.
   203 | D:1      | Reached XP level 2. HP: 11/13 MP: 4/6
   569 | D:1      | Found Rarchaune's Book Boutique.
   655 | D:1      | Found Maetsisinn's Weapon Shoppe.
   719 | D:1      | Reached XP level 3. HP: 16/16 MP: 4/7
   748 | D:1      | Found Zonen's Assorted Antiques.
   835 | D:2      | Noticed Sigmund
   845 | D:2      | Slain by Sigmund

Illustrated notes

Levels and vault maps discovered:
D:1:      onia_arrival_mini_spirals, layout_loops_ring, serial_shops,
          shop_statue, shop, nicolae_shop_stone,
          nicolae_shop_bloodbath_and_beyond, nicolae_shop_overgrown_old_shop,
          roderic_lattice_a, kennysheep_minor_cross, st_stairs_8,
          nicolae_concentric_dashed_squares_wild
D:2:      layout_loops_corners, serial_bayou, serial_bayou_lagoon_b,
          serial_bayou_shore_b, serial_bayou_ford_a, serial_bayou_lagoon_a,
          lemuel_flame_loot_1, uniq_sigmund, uniq_natasha

Skill      XL: |  1  2  3 |
---------------+----------+-----
Stealth        | 3 |  3.0
Staves         | |  0.3
Dodging        | |  1.7
Spellcasting   | |  2.6
Transmutations | |  1.0
Poison Magic   | |  3.4

Action                   || total
-------------------------++-------
Melee: Staff             ||    22
       Bite              ||     3
 Cast: Sting             ||    24
  Use: Scroll            ||     1
 Stab: Sleeping          ||     3
Armor: Robe              ||     2
Dodge: Dodged            ||     7
